 Dungeon Crawl Stone Soup version 0.26.1-11-gd32895ea62 (webtiles) character file.

Game seed: 4581753214576053656

3087 GenialerGandalf the Cleaver (level 9, 0/79 HPs)
             Began as a Hill Orc Fighter on Apr 19, 2021.
             Was a Follower of Beogh.
             Slain by Erica
             ... wielding a +4 scimitar of flaming
              (1 damage)
             ... on level 8 of the Dungeon.
             The game lasted 01:06:37 (9293 turns).

GenialerGandalf the Cleaver (Hill Orc Fighter)      Turns: 9293, Time: 01:06:38

Health: 0/79       AC: 15    Str: 22    XL:     9   Next: 89%
Magic:  9/9        EV:  5    Int:  8    God:    Beogh [*.....]
Gold:   470        SH: 11    Dex: 10    Spells: 8/8 levels left

rFire    . . .     SeeInvis .   a - +0 war axe
rCold    + . .     Faith    .   c - +0 kite shield
rNeg     . . .     Spirit   .   n - +1 plate armour
rPois    .         Reflect  .   (no helmet)
rElec    .         Harm     .   C - +0 cloak
rCorr    +         Rampage  .   (no gloves)
Will     .....                  (no boots)
Stlth    ..........             (no amulet)
HPRegen  0.23/turn              f - ring of resist corrosion
MPRegen  0.11/turn              L - ring of protection from cold

@: lethally poisoned (0 -> -5), about to teleport, slowed, very slow
A: no striking features
a: Renounce Religion


You were on level 8 of the Dungeon.
You worshipped Beogh.
Beogh was aware of your devotion.
You visited 2 branches of the dungeon, and saw 9 of its levels.
You also visited: Ossuary.

You collected 470 gold pieces.

Inventory:

Hand Weapons
 a - a +0 war axe (weapon)
 j - a +2 whip of pain
 N - a +1 vampiric trident
Missiles
 m - 4 boomerangs (quivered)
 B - 8 datura-tipped darts
Armour
 b - a +0 scale mail
 c - a +0 kite shield (worn)
 h - a +0 chain mail
 k - a cursed +0 ring mail
 n - a +1 plate armour (worn)
 C - a +0 cloak (worn)
Jewellery
 f - a ring of resist corrosion (left hand)
 L - a ring of protection from cold (right hand)
Wands
 r - a wand of disintegration (19)
 v - a wand of flame (29)
Scrolls
 o - 5 scrolls of teleportation
 p - 3 scrolls of remove curse
 t - a scroll of fear
 u - a scroll of enchant armour
 x - a scroll of enchant weapon {unknown}
 y - 2 scrolls of fog
 D - a scroll of amnesia {unknown}
 E - 2 scrolls of magic mapping {unknown}
 F - a scroll of identify
 H - a scroll of torment {unknown}
 J - a scroll of random uselessness {unknown}
 M - a scroll of vulnerability {unknown}
Potions
 d - 5 potions of might
 e - 5 potions of curing
 g - 2 potions of degeneration
 i - 2 potions of lignification
 l - 2 potions of haste {unknown}
 q - 3 potions of heal wounds
 s - a potion of mutation {unknown}
 w - 2 potions of magic {unknown}
 z - 3 potions of attraction
 A - a potion of invisibility {unknown}
 G - a potion of cancellation {unknown}
 I - a potion of berserk rage {unknown}
 K - a potion of brilliance {unknown}


   Skills:
 + Level 7.3 Fighting
 + Level 11.9 Axes
 + Level 2.3 Throwing
 + Level 6.5 Armour
 + Level 0.3 Stealth
 + Level 7.2 Shields


You had 8 spell levels left.
You didn't know any spells.
Your spell library contained the following spells:

 Spells                   Type           Power        Failure   Level
 Shock                    Conj/Air       0%           100%        1
 Swiftness                Air            0%           100%        2
 Static Discharge         Conj/Air       0%           100%        3
 Airstrike                Air            0%           100%        4
 Bolt of Magma            Conj/Fire/Erth 0%           100%        5
 Iskenderun's Battlesphe  Conj           0%           100%        5
 Lightning Bolt           Conj/Air       0%           100%        5
 Iron Shot                Conj/Erth      0%           100%        6
 Orb of Destruction       Conj           0%           100%        7
 Spellforged Servitor     Conj/Summ      0%           100%        7


Dungeon Overview and Level Annotations

Branches:
Dungeon (8/15)             Temple (1/1) D:7            Lair (0/6) D:8
Ossuary (visited)

Altars:
Ashenzari
Cheibriados
Dithmenos
Elyvilon
Fedhas
Gozag
Hepliaklqana
Kikubaaqudgha
Makhleb
Nemelex Xobeh
Okawaru
Qazlal
Ru
Sif Muna
Trog
Uskayaw
Vehumet
Wu Jian
Xom
Yredelemnul
Zin
The Shining One

Shops:
D:7 ***

Annotations:
D:8 Erica


Message History

You feel better.
You hear some strange, mumbled words.
A lance of force appears from out of thin air!
The lance of force misses you.
You hear some strange, mumbled words.
A bolt of poison appears from out of thin air!
The bolt of poison hits you!!
You are poisoned.
* * * LOW HITPOINT WARNING * * *
As you read the scroll of teleportation, it crumbles to dust.
You feel strangely unstable.
* * * LOW HITPOINT WARNING * * *
You feel sick.
* * * LOW HITPOINT WARNING * * *
You feel sick.
* * * LOW HITPOINT WARNING * * *
You feel sick. Something hits you.
* * * LOW HITPOINT WARNING * * *
Something burns you.
You die...

######'#.###
#.#.# #.#.#
######.#.#
#........##
#.#####...# ###
###.# +..#...≈.
#...# #....#...
#@#.#.......## PP
#.#####...#...P P
#.. .....#≈..P>P
######.:..#..PPPP
#......##.P.
...... ...
..[..(. ≈.


There were no monsters in sight!

Vanquished Creatures
  Grinder (D:4)
  Menkaure (D:7)
  A water moccasin (D:7)
  2 ice beasts (D:6)
  2 phantoms
  2 ogres
  A centaur (D:6)
  5 bullfrogs
  2 water moccasin zombies (Ossuary)
  3 scorpions
  5 killer bees (D:7)
  4 howler monkeys
  A centaur zombie (D:6)
  4 hounds
  An orc priest (D:7)
  3 centaur skeletons
  2 iguanas
  6 orc wizards
  5 worker ants
  6 big kobold zombies (Ossuary)
  A hound skeleton (D:8)
  2 mummies (Ossuary)
  A worker ant zombie (D:5)
  4 gnolls
  10 adders
  2 shadow imps
  2 ufetubi
  5 adder zombies (Ossuary)
  An adder skeleton (D:4)
  5 worms
  3 dart slugs (D:1)
  6 leopard geckos
  26 orcs
  A ball python (D:1)
  9 bats
  5 giant cockroaches
  3 gnoll zombies (Ossuary)
  9 goblins
  12 hobgoblins
  8 jackals
  7 quokkas
  2 frilled lizards
  A giant cockroach zombie (D:6)
  5 hobgoblin zombies (Ossuary)
  7 kobolds
  6 kobold zombies (Ossuary)
  4 orc zombies (Ossuary)
  A quokka zombie (D:5)
  6 rats
211 creatures vanquished.

Vanquished Creatures (others)
  An orc wizard (D:5)
  7 plants (D:7)
8 creatures vanquished.

Grand Total: 219 creatures vanquished

Notes
Turn   | Place    | Note
-------+----------+-------------------------------------------
     0 | D:1      | GenialerGandalf the Hill Orc Fighter began the quest for
                  | the Orb.
     0 | D:1      | Reached XP level 1. HP: 19/19 MP: 1/1
    94 | D:1      | Reached XP level 2. HP: 10/27 MP: 2/2
   656 | D:1      | Reached skill level 3 in Axes
   840 | D:1      | Reached XP level 3. HP: 33/33 MP: 3/3
  1366 | D:2      | Reached XP level 4. HP: 21/40 MP: 4/4
  1609 | D:2      | Found a hide-covered altar of Uskayaw.
  1609 | D:2      | Found a sacrificial altar of Ru.
  1613 | D:2      | Found an opulent altar of Gozag.
  1889 | D:2      | Found a snail-covered altar of Cheibriados.
  1891 | D:2      | Found a glowing golden altar of the Shining One.
  2164 | D:2      | Found a sacrificial altar of Ru.
  2172 | D:2      | Reached XP level 5. HP: 47/47 MP: 5/5
  2177 | D:2      | Reached skill level 4 in Axes
  3330 | D:3      | Reached skill level 5 in Axes
  3498 | D:3      | Reached XP level 6. HP: 55/55 MP: 6/6
  3969 | D:3      | Reached skill level 6 in Axes
  4218 | D:4      | Found a radiant altar of Vehumet.
  4252 | D:4      | Noticed a phantom
  4267 | D:4      | Reached skill level 5 in Fighting
  4272 | D:4      | Reached XP level 7. HP: 42/61 MP: 7/7
  4285 | D:4      | Reached skill level 7 in Axes
  4344 | D:4      | Found a sand-covered staircase.
  4353 | Ossuary  | Entered an ossuary
  4464 | Ossuary  | Reached skill level 5 in Shields
  4588 | Ossuary  | Reached skill level 8 in Axes
  4670 | Ossuary  | Reached XP level 8. HP: 40/70 MP: 8/8
  5009 | D:4      | Found an ornate altar of the Wu Jian Council.
  5015 | D:4      | Noticed a spectral centipede
  5015 | D:4      | Noticed a spectral black mamba
  5213 | D:4      | Noticed Grinder
  5213 | D:4      | Paralysed by Grinder for 6 turns
  5241 | D:4      | Paralysed by Grinder for 5 turns
  5246 | D:4      | Killed Grinder
  5247 | D:4      | Reached skill level 9 in Axes
  5247 | D:4      | Reached skill level 5 in Armour
  5395 | D:5      | Entered Level 5 of the Dungeon
  5546 | D:5      | Found a shimmering blue altar of Sif Muna.
  6070 | D:5      | Found a shadowy altar of Dithmenos.
  6224 | D:6      | Reached skill level 10 in Axes
  6288 | D:6      | Reached skill level 1 in Throwing
  6731 | D:6      | Reached XP level 9. HP: 67/78 MP: 9/9
  6950 | D:6      | Found an iron altar of Okawaru.
  7260 | D:6      | Became a worshipper of Beogh the Brigand
  7837 | D:7      | Found Cuasef's Assorted Antiques.
  7846 | D:7      | Reached skill level 11 in Axes
  7889 | D:7      | Found a staircase to the Ecumenical Temple.
  7897 | D:7      | Noticed Menkaure
  7901 | Temple   | Entered the Ecumenical Temple
  8178 | D:7      | Killed Menkaure
  8524 | D:7      | Found Uraob's Assorted Antiques.
  8576 | D:7      | Reached * piety under Beogh
  8599 | D:7      | Found Naan's Assorted Antiques.
  9269 | D:8      | Noticed Erica
  9273 | D:8      | Found a staircase to the Lair.
  9293 | D:8      | HP: 1/79 [something (4)]
  9293 | D:8      | Slain by Erica

Illustrated notes

Levels and vault maps discovered:
D:1:      co_arrival_square_in_a_square_in_a_square, layout_basic
D:2:      layout_basic, nicolae_overflow_hidden_temple,
          nicolae_ru_great_annihilating_truth
D:3:      layout_basic
D:4:      layout_cave_pools, vehumet_altar_wand_db,
          pdpol_wu_jian_five_deadly_venoms, chequers_ossuary_entry_cave,
          uniq_grinder
D:5:      layout_rooms, marbit_many_paths, led_sif_book
D:6:      layout_loops_corners, chequers_arboretum, okawaru_metal_pillars_1_2
D:7:      layout_basic, minmay_temple_entry_gardened_gates, serial_shops,
          kennysheep_mini_moat, shop, nicolae_shop_crystal, uniq_menkaure
D:8:      minmay_four_partial_circles, layout_basic, dpeg_oklobed_lair,
          basic_altar, serial_shops, shop, uniq_erica
Temple:   zaba_magenta_temple

Skill      XL: |  1  2  3  4  5  6  7  8  9 |
---------------+----------------------------+-----
Fighting       | 4 5 6 7 |  7.3
Axes           | 3 5 6 8 10 11 | 11.9
Shields        | 4 5 7 |  7.2
Armour         | 4 5 6 |  6.5
Throwing       | 2 |  2.3
Stealth        | |  0.3

Action                   |  1- 3 |  4- 6 |  7- 9 || total
-------------------------+-------+-------+-------++-------
Melee: War axe           |    77 |   206 |   500 ||   783
Throw: Boomerang         |       |       |    24 ||    24
Invok: Convert to Beogh  |       |       |     1 ||     1
  Use: Scroll            |     3 |     5 |     9 ||    17
       Potion            |       |       |     3 ||     3
 Stab: Paralysed         |       |     2 |       ||     2
Armor: Scale mail        |    47 |    14 |       ||    61
       Chain mail        |       |    32 |       ||    32
       Plate armour      |       |    69 |   275 ||   344
Dodge: Dodged            |    34 |    37 |    67 ||   138
Block: Kite shield       |    56 |   115 |   256 ||   427
